 Dungeon Crawl Stone Soup version 0.27.1-35-g4d5d836560 (webtiles) character file.

Game seed: 8852054496638125363

72 Froggeryz the Cudgeller (level 4, -1/30 (33) HPs)
             Began as an Octopode Berserker on Dec 1, 2022.
             Was a Believer of Trog.
             Slain by a ball python (3 damage)
             ... on level 3 of the Dungeon.
             The game lasted 00:01:36 (2349 turns).

Froggeryz the Cudgeller (Octopode Berserker)        Turns: 2349, Time: 00:01:37

HP:   -1/30 (33)    AC:  1    Str: 16    XL:     4   Next: 26%
MP:   4/4           EV: 13    Int:  9    God:    Trog [**....]
Gold: 7             SH:  0    Dex: 12    Spells: 3/3 levels left

rFire    . . .     SeeInvis .   a - +0 mace
rCold    . . .     Faith    .   (no shield)
rNeg     . . .     Spirit   .   (helmet restricted)
rPois    .         Reflect  .   (no amulet)
rElec    .         Harm     .   (no ring)
rCorr    .         Rampage  .   (no ring)
Will     .....                  (no ring)
Stlth    ++........             (no ring)
HPRegen  0.10/turn              (no ring)
MPRegen  0.09/turn              (no ring)
                                (no ring)
                                (no ring)

@: attractive, drained
A: almost no armour, amphibious, 8 rings, camouflage 1, gelatinous body 1,
(nimble swimmer 1), tentacles
a: Renounce Religion, Berserk, Trog's Hand


You were on level 3 of the Dungeon.
You worshipped Trog.
Trog was pleased with you.
You visited 1 branch of the dungeon, and saw 3 of its levels.

You collected 104 gold pieces.
You spent 97 gold pieces at shops.

Inventory:

Hand Weapons
 a - a +0 mace (weapon)
Scrolls
 b - 2 scrolls of blinking
 f - a scroll of teleportation
 g - a scroll of fear
 h - a scroll of vulnerability
 i - a scroll of magic mapping
Potions
 j - a potion of cancellation {unknown}
 k - a potion of flight {unknown}


   Skills:
 + Level 3.7 Fighting
 * Level 4.4 Maces & Flails
 - Level 3.0 Dodging


You had 3 spell levels left.
You didn't know any spells.
Your spell library was empty.

Dungeon Overview and Level Annotations

Branches:
Dungeon (3/15)

Altars:

Shops:
D:1 ?


Innate Abilities, Weirdness & Mutations

You cannot wear most types of armour.
You are amphibious.
You can wear up to eight rings at the same time.
Your skin changes colour to match your surroundings (Stealth+).
Your rubbery body absorbs attacks. (AC +1, EV +1)
((You are camouflaged near water. (Stealth+)))
You have tentacles for arms and can constrict up to eight enemies at once.


Message History

A wight comes into view. It is wielding a +2 spear.
The adder bites you. The rat barely misses you.
The ball python closely misses you. x2
You hit the adder.
You kill the adder!
Trog accepts your kill. The rat barely misses you.
The ball python completely misses you. The ball python barely misses you.
You hit the wight. Your grab misses the wight.
The wight is lightly damaged.
The rat closely misses you. The ball python bites you.
The ball python grabs you. The ball python constricts you.
The rat bites you but does no damage. The wight hits you with a +5 scimitar!
You feel drained.
You escape the ball python's grasp.
Found a runed chain mail.
The rat closely misses you. The wight hits you with a +5 scimitar.
* * * LOW HITPOINT WARNING * * *
You feel drained.
* * * LOW HITPOINT WARNING * * *
The rat barely misses you. The ball python closely misses you.
The ball python barely misses you. The rat bites you but does no damage.
Okay, then.
The ball python closely misses you. The ball python barely misses you.
You see here a +0 chain mail of willpower.
The ball python closely misses you. x2
A bat comes into view.
The ball python bites you.
* * * LOW HITPOINT WARNING * * *
The ball python grabs you. The ball python constricts you.
* * * LOW HITPOINT WARNING * * *
The bat moves out of view.
You escape the ball python's grasp.
An endoplasm comes into view.
The endoplasm moves out of view.
The endoplasm quivers.
It was a potion of attraction.
You feel attractive to monsters. The ball python bites you.
You die...

#.# # #.# . #.# . #.#
.###############.#######
........................
...[......z..r.r........
...#.###########S##....
##.#.# #@# # z#.#.# #.#
.zz#.### ... .......#
..... )......# ......#
.......# .J......
.......# ........##
.......# ##########
.......#


You could see an endoplasm, a ball python and a rat.

Vanquished Creatures
  3 adders
  3 dart slugs (D:1)
  3 ball pythons (D:2)
  An endoplasm (D:1)
  2 giant cockroaches (D:1)
  4 goblins
  7 hobgoblins
  5 jackals (D:2)
  2 kobolds (D:1)
  2 bats
  2 frilled lizards (D:2)
  2 rats (D:2)
36 creatures vanquished.

Vanquished Creatures (others)
  6 fungi (D:2)
  4 plants (D:2)
10 creatures vanquished.

Grand Total: 46 creatures vanquished

Notes
Turn   | Place    | Note
-------+----------+-------------------------------------------
     0 | D:1      | Froggeryz the Octopode Berserker began the quest for the
                  | Orb.
     0 | D:1      | Reached XP level 1. HP: 16/16 MP: 1/1
    56 | D:1      | Reached XP level 2. HP: 16/21 MP: 2/2
   663 | D:1      | Found Xisucaoj's Magic Scroll Boutique.
   901 | D:2      | Reached XP level 3. HP: 26/26 MP: 3/3
  1063 | D:2      | Reached ** piety under Trog
  1373 | D:2      | Reached skill level 4 in Maces & Flails
  1922 | D:2      | Reached XP level 4. HP: 32/32 MP: 4/4
  2044 | D:2      | Found a faded altar of an unknown god.
  2261 | D:1      | Bought a scroll of blinking for 97 gold pieces
  2349 | D:3      | Slain by a ball python

Illustrated notes

Levels and vault maps discovered:
D:1:      dpeg_arrival_simpleton_b, layout_basic, serial_shops,
          nicolae_shop_window_shopping, minivault_5
D:2:      layout_basic, shapermc_ecumenical_altar_hornbeckon, minmay_domino_4
D:3:      layout_basic, nicolae_gozag_seed_capital

Skill      XL: |  1  2  3 |
---------------+----------+-----
Maces & Flails | 4 |  4.4
Fighting       | |  3.7
Dodging        | |  3.0

Action                   |  1- 3 |  4- 6 || total
-------------------------+-------+-------++-------
Melee: Mace              |    68 |     8 ||    76
       Constrict         |    21 |       ||    21
       Tentacles         |    10 |     2 ||    12
  Use: Scroll            |       |     5 ||     5
       Potion            |       |     1 ||     1
 Stab: Sleeping          |     6 |       ||     6
Armor: Skin              |     9 |     3 ||    12
Dodge: Dodged            |    58 |    20 ||    78
